 Dungeon Crawl Stone Soup version 0.20.0-15-g7f486f2 (webtiles) character file.

65 sagitran the Conjurer (level 3, 0/24 HPs)
             Began as a Demonspawn Wanderer on June 11, 2017.
             Was an Initiate of Yredelemnul.
             Slain by a gnoll
             ... wielding a +0 club
              (6 damage)
             ... on level 1 of the Dungeon on June 12, 2017.
             The game lasted 00:31:10 (1104 turns).

sagitran the Conjurer (Demonspawn Wanderer)         Turns: 1104, Time: 00:31:10

Health: 0/24       AC:  3    Str: 13    XL:     3   Next: 94%
Magic:  1/7        EV: 11    Int: 14    God:    Yredelemnul [......]
Gold:   126        SH:  2    Dex: 11    Spells: 2/7 levels left

rFire    + . .     SeeInvis .   (no weapon)
rCold    . . .     Gourm    .   (no shield)
rNeg     . . .     Faith    .   e - +0 robe
rPois    .         Spirit   .   (no helmet)
rElec    .         Reflect  +   (no cloak)
rCorr    .         Harm     .   h - +0 pair of gloves (curse)
MR       .....                  (no boots)
Stlth    +.........             g - +2 amulet of reflection
Regen    0.1/turn               (no ring)
MPRegen  0.1/turn               (no ring)

@: no status effects
A: fire resistance 1
a: Renounce Religion


You were on level 1 of the Dungeon.
You worshipped Yredelemnul.
Yredelemnul was noncommittal.
You were full.

You visited 1 branch of the dungeon, and saw 2 of its levels.

You collected 126 gold pieces.

Inventory:

Hand Weapons
 d - a +0 blowgun
Missiles
 b - 5 tomahawks (quivered)
 c - 6 poisoned needles
Armour
 e - a +0 robe (worn)
 h - a cursed +0 pair of gloves (worn)
Jewellery
 g - a +2 amulet of reflection (around neck)
Scrolls
 f - a scroll of recharging
Potions
 i - a potion of might
Books
 a - a book of Minor Magic

   Spells                             Type                      Level
   a - Magic Dart                     Conjuration                  1
   b - Blink                          Translocation                2
   c - Call Imp                       Summoning                    2
   d - Slow                           Hexes                        2
   e - Conjure Flame                  Conjuration/Fire             3
   f - Mephitic Cloud                 Conjuration/Poison/Air       3
Comestibles
 l - 2 bread rations


   Skills:
 + Level 0.2 Fighting
 + Level 1.7 Throwing
 + Level 0.3 Dodging
 + Level 0.2 Stealth
   Level 1.0 Shields
 + Level 0.5 Unarmed Combat
 + Level 2.6 Spellcasting
 + Level 3.6 Conjurations
 + Level 1.1 Hexes
 + Level 1.1 Summonings
   Level 1.0 Poison Magic


You had 2 spell levels left.
You knew the following spells:

 Your Spells              Type           Power        Failure   Level  Hunger
a - Magic Dart            Conj           ##..         4%          1    #......
b - Call Imp              Summ           #.......     22%         2    ###....
c - Slow                  Hex            #.......     22%         2    ###....


Dungeon Overview and Level Annotations

Branches:
Dungeon (2/15)

Altars:
Yredelemnul


Innate Abilities, Weirdness & Mutations

Your flesh is heat resistant. (rF+)


Message History

You barely miss the frilled lizard.
The frilled lizard is heavily wounded.
The frilled lizard misses you. The gnoll closely misses you.
Your crimson imp barely misses the gnoll.
Your crimson imp hits the gnoll.
You closely miss the frilled lizard.
The frilled lizard is heavily wounded.
The frilled lizard barely misses you. The gnoll hits you with a club.
* * * LOW HITPOINT WARNING * * *
Your crimson imp hits the gnoll but does no damage.
Your crimson imp barely misses the gnoll.
You hit the frilled lizard but do no damage.
The frilled lizard is heavily wounded.
The frilled lizard barely misses you. The gnoll closely misses you.
Your crimson imp hits the gnoll. x2
You hit the gnoll.
The gnoll is severely wounded.
The frilled lizard closely misses you. The gnoll hits you with a club.
You die...
Your body rises from the dead as a mindless zombie.

#################
...............>#
...........####.#
..########.##...#
..#####.....#.####
..#.......###.5g@######
..#.#...#.# #.5#l#....#
..#.#.....###..#.#.##)#
###.#####......#.#.##.#
......# #.####.#...##.#
......#
#........####.###
......# ####.###.#
#...# ......# #.....#
###.# ......# #######
#.#


You could see a gnoll, a frilled lizard and 2 friendly crimson imps.

Vanquished Creatures
  2 adders (D:2)
  2 dart slugs (D:1)
  A leopard gecko (D:2)
  A ball python (D:1)
  2 bats
  10 goblins
  4 hobgoblins
  3 frilled lizards
  4 kobolds
  4 rats (D:1)
33 creatures vanquished.

Vanquished Creatures (collateral kills)
  An adder (D:2)
  A kobold (D:1)
2 creatures vanquished.

Grand Total: 35 creatures vanquished

Notes
Turn   | Place    | Note
-------+----------+-------------------------------------------
     0 | D:1      | sagitran the Demonspawn Wanderer began the quest for the Orb.
     0 | D:1      | sagitran set off with: a book of Minor Magic, a potion of curing, 11 poisoned needles, a +0 blowgun, a +0 robe, a bread ration
     0 | D:1      | Reached XP level 1. HP: 13/13 MP: 3/3
     2 | D:1      | Learned a level 1 spell: Magic Dart
   184 | D:1      | Gained mutation: Your flesh is heat resistant. (rF+) [demonic ancestry]
   184 | D:1      | Reached XP level 2. HP: 9/19 MP: 0/5
   203 | D:1      | Learned a level 2 spell: Call Imp
   206 | D:1      | Learned a level 2 spell: Slow
   572 | D:1      | Reached XP level 3. HP: 16/24 MP: 3/6
   721 | D:2      | Found a basalt altar of Yredelemnul.
   768 | D:2      | Became a worshipper of Yredelemnul the Dark
   843 | D:2      | HP: 1/24 [poisoned by an adder]
  1104 | D:1      | Slain by a gnoll

Action                   || total
-------------------------++-------
Melee: Unarmed           ||    56
       Blowgun           ||     6
 Fire: Blowgun           ||    40
Throw: Tomahawk          ||     1
 Cast: Magic Dart        ||    46
       Call Imp          ||     5
       Slow              ||     8
  Use: Scroll            ||     7
       Potion            ||     7
  Eat: Bread ration      ||     1
       Royal jelly       ||     1
Armor: Robe              ||    25
Dodge: Dodged            ||    83
Block: Other             ||     3
